 Dungeon Crawl Stone Soup version 0.22.0-49-gab54619 (webtiles) character file.

5100 Marcoleric the Blocker (level 10, -15/77 HPs)
             Began as a Formicid Fighter on Sept 6, 2018.
             Was a Priest of Ru.
             Killed from afar by Josephine (18 damage)
             ... with a ghostly fireball
             ... on level 10 of the Dungeon.
             The game lasted 00:38:00 (6549 turns).

Marcoleric the Blocker (Formicid Fighter)           Turns: 6549, Time: 00:38:01

Health: -15/77     AC: 28    Str: 25    XL:     10   Next: 87%
Magic:  10/10      EV:  6    Int:  7    God:    Ru [***...]
Gold:   285        SH: 14    Dex: 10    Spells: 9/9 levels left

rFire    + . .     SeeInvis +   q - +1 battleaxe (protect)
rCold    + + +     Gourm    .   D - +3 shield {AC+3}
rNeg     . . .     Faith    .   B - +0 plate armour
rPois    .         Spirit   .   (helmet unavailable)
rElec    .         Reflect  .   z - scarf {rC+ rF+}
rCorr    .         Harm     .   E - +0 pair of gloves
MR       ++...                  (no boots)
Stlth    ..........             n - amulet of regeneration
HPRegen  0.62/turn              A - ring of protection from cold
MPRegen  0.12/turn              u - +3 ring of protection

@: protection aura, heavily drained
A: permanent stasis, dig shafts and tunnels, four strong arms, antennae 3,
molten scales 1, cold resistance 1, magic resistance 1, wild magic 1, no
stealth, inability to use devices
a: Dig, Shaft Self, Draw Out Power, Renounce Religion


You were on level 10 of the Dungeon.
You worshipped Ru.
Ru was most pleased with you.
You were not hungry.

You visited 2 branches of the dungeon, and saw 11 of its levels.

You collected 560 gold pieces.
You spent 275 gold pieces at shops.

Inventory:

Hand Weapons
 q - a +1 battleaxe of protection (weapon)
Armour
 z - a scarf of resistance (worn)
 B - a +0 plate armour (worn)
 D - a +3 shield of protection (worn)
 E - a +0 pair of gloves (worn)
Jewellery
 n - an amulet of regeneration (around neck)
 u - a +3 ring of protection (right hand)
 A - a ring of protection from cold (left hand)
Scrolls
 d - a scroll of identify
 w - 2 scrolls of remove curse
 y - a scroll of amnesia
Potions
 g - 3 potions of haste
 i - a potion of resistance
 o - 2 potions of agility
 t - 2 potions of lignification
 v - 2 potions of cancellation
 x - a potion of ambrosia
 C - 4 potions of curing
Comestibles
 f - 11 rations


   Skills:
 + Level 6.5(4.1) Fighting
 + Level 10.0(7.4) Axes
 + Level 6.4(4.1) Armour
 + Level 2.1(0.0) Dodging
 * Level 11.1(8.4) Shields


You had 9 spell levels left.
You didn't know any spells.
Your spell library was empty.

Dungeon Overview and Level Annotations

Branches:
Dungeon (10/15)            Temple (1/1) D:4            Lair (0/6) D:8
    Orc: D:9-12

Altars:
Hepliaklqana
Makhleb
Nemelex Xobeh
Ru
Sif Muna
Wu Jian
Yredelemnul

Shops:
D:7 [

Annotations:
D:10 Josephine


Innate Abilities, Weirdness & Mutations

You cannot be hasted, slowed, berserked, paralysed or teleported.
You can dig through walls and to a lower floor.
Your four strong arms can wield two-handed weapons with a shield.
You have a pair of large antennae on your head. (SInv)
You cannot be stealthy.
You cannot study or use magical devices.
You are partially covered in molten scales. (AC +2)
Your flesh is cold resistant. (rC+)
You are resistant to hostile enchantments. (MR+)
Your spells are a little harder to cast, but a little more powerful.


Message History

You slice Josephine!!
Josephine is severely wounded.
Josephine screams, "I have something special for you."
Josephine casts a spell at you.
The ghostly flame explodes!
The ghostly fireball engulfs you!
You feel drained.
* * * LOW HITPOINT WARNING * * *
The ghostly fireball engulfs Josephine.
Josephine completely resists.
You focus your will and blind Josephine in retribution!
You slash Josephine!
Josephine is severely wounded.
Josephine points at you and mumbles some strange words.
The ghostly flame explodes!
The ghostly fireball engulfs you!
You feel drained.
* * * LOW HITPOINT WARNING * * *
The ghostly fireball engulfs Josephine.
Josephine completely resists.
Josephine shouts!
You slash Josephine!
Josephine is almost dead.
Josephine gestures at you while chanting.
The ghostly flame explodes!
The ghostly fireball engulfs you!
You feel drained.
You die...

#≈≈≈≈≈≈≈...o.
#≈≈≈≈≈≈≈.≈≈;≈
#≈≈≈≈≈≈≈.≈≈≈≈
#≈≈≈≈≈≈≈.;≈≈≈
#≈((((..>....
#≈(≈≈≈≈≈.≈≈≈≈
#≈.≈≈≈≈≈.;≈≈≈
#######W.≈≈≈≈≈.≈≈≈≈
#<.@@WWW.≈≈≈≈≈.≈≈≈≈
#######≈≈≈≈≈≈≈.≈≈≈≈
#≈≈≈≈≈≈≈.≈≈≈≈
#≈≈≈≈≈≈≈.≈≈≈≈
#≈≈≈≈≈≈≈.≈
#≈≈≈≈≈≈≈..
#≈≈≈≈≈≈≈..
#≈≈≈≈≈≈≈..


You could see Josephine (blind) and 4 wraiths.

Vanquished Creatures
  Harold (D:7)
  A two-headed ogre (D:10)
  Grinder (D:5)
  Prince Ribbit (D:6)
  A hippogriff (D:9)
  A spriggan (D:7)
  A hungry ghost (D:8)
  Menkaure (D:4)
  Edmund (D:5)
  2 porcupines (D:8)
  Duvessa (D:5)
  2 orc warriors
  A black bear (D:8)
  4 centaurs
  3 phantoms
  An ogre (D:8)
  2 crocodiles (D:8)
  Blork the orc (D:5)
  Dowan (D:5)
  A water moccasin zombie (D:10)
  A scorpion (D:7)
  A howler monkey (D:5)
  An electric eel (D:10)
  5 crimson imps
  A centaur zombie (D:6)
  A bullfrog zombie (D:5)
  4 hounds
  Crazy Yiuf (D:4)
  7 orc wizards
  2 bullfrog skeletons
  2 jellies
  A worker ant (D:6)
  Ijyb (D:4)
  3 iguanas
  A killer bee zombie (D:7)
  A hound skeleton (D:7)
  8 adders
  3 oozes
  An adder skeleton (D:7)
  4 worms
  4 dart slugs
  6 leopard geckos
  16 orcs
  8 giant cockroaches
  10 goblins
  7 hobgoblins
  14 jackals
  2 ball pythons
  4 bats
  7 frilled lizards
  A jackal zombie (D:7)
  8 kobolds
  A quokka skeleton (D:5)
  8 rats
  5 fungi (D:8)
  2 plants (D:8)
180 creatures vanquished.

Vanquished Creatures (others)
  A hound (D:7)
  An orc (D:10)
2 creatures vanquished.

Grand Total: 182 creatures vanquished

Notes
Turn   | Place    | Note
-------+----------+-------------------------------------------
     0 | D:1      | Marcoleric the Formicid Fighter began the quest for the
                  | Orb.
     0 | D:1      | Reached XP level 1. HP: 18/18 MP: 1/1
   235 | D:1      | Reached skill level 4 in Shields
   235 | D:1      | Reached XP level 2. HP: 23/24 MP: 2/2
   694 | D:2      | Reached XP level 3. HP: 16/29 MP: 3/3
  1095 | D:2      | Reached XP level 4. HP: 35/35 MP: 4/4
  1671 | D:3      | Reached XP level 5. HP: 41/41 MP: 5/5
  1683 | D:3      | Reached skill level 5 in Shields
  1937 | D:3      | Found a burning altar of Makhleb.
  1937 | D:3      | Found a sacrificial altar of Ru.
  1944 | D:3      | Became a worshipper of Ru the Awakened
  2288 | D:3      | Reached XP level 6. HP: 44/48 MP: 6/6
  2371 | D:4      | Reached skill level 1 in Dodging
  2396 | D:4      | Gained mutation: You are dopey. (Int -2) [potion of
                  | mutation]
  2396 | D:4      | Gained mutation: Armour fits poorly on your strangely
                  | shaped body. [potion of mutation]
  2396 | D:4      | Gained mutation: You are weak. (Str -2) [potion of
                  | mutation]
  2396 | D:4      | Gained mutation: You are partially covered in molten
                  | scales. (AC +2) [potion of mutation]
  2397 | D:4      | Lost mutation: Armour fits poorly on your strangely shaped
                  | body. [potion of mutation]
  2397 | D:4      | Lost mutation: You are weak. (Str -2) [potion of mutation]
  2397 | D:4      | Lost mutation: You are dopey. (Int -2) [potion of mutation]
  2397 | D:4      | Gained mutation: You are resistant to hostile enchantments.
                  | (MR+) [potion of mutation]
  2397 | D:4      | Gained mutation: Your flesh is cold resistant. (rC+)
                  | [potion of mutation]
  2397 | D:4      | Gained mutation: Your spells are a little harder to cast,
                  | but a little more powerful. [potion of mutation]
  2508 | D:4      | Found a staircase to the Ecumenical Temple.
  2514 | Temple   | Entered the Ecumenical Temple
  2574 | D:4      | Noticed Ijyb
  2582 | D:4      | Killed Ijyb
  2606 | D:4      | Noticed Menkaure
  2618 | D:4      | You fall through a shaft!
  2618 | D:5      | Entered Level 5 of the Dungeon
  2618 | D:5      | Noticed Grinder
  2628 | D:5      | Reached skill level 6 in Shields
  2628 | D:5      | Reached XP level 7. HP: 8/53 MP: 7/7
  2715 | D:5      | Killed Grinder
  2715 | D:5      | Reached skill level 5 in Axes
  2826 | D:4      | Found a runed door.
  2830 | D:4      | Noticed Crazy Yiuf
  2833 | D:4      | Killed Crazy Yiuf
  2883 | D:4      | Killed Menkaure
  2883 | D:4      | Reached XP level 8. HP: 52/60 MP: 8/8
  2922 | D:4      | Found a hazy altar of Hepliaklqana.
  2937 | D:4      | Found a basalt altar of Yredelemnul.
  3025 | D:4      | Gained mutation: You cannot study or use magical devices.
                  | [Ru sacrifice]
  3025 | D:4      | Reached * piety under Ru
  3025 | D:4      | Reached ** piety under Ru
  3451 | D:5      | Reached skill level 7 in Shields
  3537 | D:5      | Noticed Edmund
  3553 | D:5      | Killed Edmund
  3596 | D:5      | Noticed Blork the orc
  3612 | D:5      | Killed Blork the orc
  3859 | D:5      | Noticed Duvessa
  3869 | D:5      | Killed Duvessa
  3869 | D:5      | Reached skill level 5 in Armour
  3872 | D:5      | Noticed Dowan
  3898 | D:5      | Killed Dowan
  3904 | D:5      | HP: 3/61 [poisoned by Dowan]
  3909 | D:5      | HP: 3/61 [poisoned by Dowan]
  4252 | D:6      | Reached skill level 8 in Shields
  4252 | D:6      | Reached XP level 9. HP: 67/67 MP: 9/9
  4275 | D:6      | Noticed Prince Ribbit
  4692 | D:6      | Reached skill level 5 in Fighting
  4916 | D:6      | Killed Prince Ribbit
  4916 | D:6      | Reached skill level 9 in Shields
  5108 | D:7      | Found a runed door.
  5114 | D:7      | Found a basalt altar of Yredelemnul.
  5419 | D:7      | Gained mutation: You cannot be stealthy. [Ru sacrifice]
  5419 | D:7      | Reached *** piety under Ru
  5445 | D:7      | Noticed Harold
  5472 | D:7      | Killed Harold
  5472 | D:7      | Reached skill level 10 in Shields
  5472 | D:7      | Reached XP level 10. HP: 42/76 MP: 10/10
  5552 | D:7      | Found Nummyij's Antique Armour Emporium.
  5555 | D:7      | Bought a runed shield for 172 gold pieces
  5555 | D:7      | Bought a pair of gloves for 103 gold pieces
  6263 | D:8      | Found a staircase to the Lair.
  6401 | D:9      | Found an ornate altar of the Wu Jian Council.
  6453 | D:9      | Found a deep blue altar of Sif Muna.
  6453 | D:9      | Found a sparkling altar of Nemelex Xobeh.
  6480 | D:9      | You fall through a shaft!
  6480 | D:10     | Entered Level 10 of the Dungeon
  6525 | D:10     | Noticed a two-headed ogre
  6533 | D:10     | Noticed Josephine
  6544 | D:10     | Killed a two-headed ogre
  6544 | D:10     | Reached skill level 10 in Axes
  6544 | D:10     | Reached skill level 11 in Shields
  6548 | D:10     | HP: 2/77 [Josephine/ghostly fireball (20)]
  6549 | D:10     | Killed from afar by Josephine

Skill      XL: |  1  2  3  4  5  6  7  8  9 10 |
---------------+-------------------------------+-----
Shields        | 4 5 6 8 10 11 | 11.1
Axes           | 3 4 5 7 8 10 | 10.0
Armour         | 4 5 6 |  6.4
Dodging        | 1 2 |  2.1
Fighting       | 4 5 6 |  6.5

Action                   |  1- 3 |  4- 6 |  7- 9 | 10-12 || total
-------------------------+-------+-------+-------+-------++-------
Melee: War axe           |   106 |    88 |       |       ||   194
       Battleaxe         |       |   101 |   285 |   142 ||   528
Invok: Sacrifice Artific |       |       |     1 |       ||     1
       Sacrifice Stealth |       |       |     1 |       ||     1
 Abil: Dig               |       |     3 |     1 |     1 ||     5
       Shaft Self        |       |     1 |       |       ||     1
  Use: Scroll            |     3 |     6 |     7 |     4 ||    20
       Potion            |       |     2 |     1 |     4 ||     7
 Stab: Invisible         |       |       |     1 |       ||     1
  Eat: Ration            |     1 |     1 |     3 |     4 ||     9
Armor: Scale mail        |    38 |    97 |       |       ||   135
       Chain mail        |       |    10 |   100 |       ||   110
       Plate armour      |       |       |    22 |    78 ||   100
Dodge: Dodged            |    34 |    74 |    63 |    37 ||   208
Block: Shield            |    61 |   149 |   158 |   118 ||   486
